 Dungeon Crawl Stone Soup version 0.26-a0-720-g2a1d101370 (webtiles) character file.

Game seed: 2082089853259985829

2594 robertstho the Frost Mage (level 9, -7/66 HPs)
             Began as a Gnoll Ice Elementalist on Nov 2, 2020.
             Was a Believer of Sif Muna.
             Mangled by a warg (14 damage)
             ... on level 8 of the Dungeon.
             The game lasted 00:13:01 (7721 turns).

robertstho the Frost Mage (Gnoll Ice Elementalist)  Turns: 7721, Time: 00:13:02

Health: -7/66      AC:  8    Str: 11    XL:     9   Next: 58%
Magic:  9/19       EV: 16    Int: 20    God:    Sif Muna [**....]
Gold:   291        SH:  5    Dex: 16    Spells: 6/21 levels left

rFire    . . .     SeeInvis .   m - +0 halberd
rCold    + + .     Faith    .   (shield currently unavailable)
rNeg     . . .     Spirit   .   v - +1 robe {rC+}
rPois    .         Reflect  +   a - +0 helmet
rElec    .         Harm     .   w - +0 cloak
rCorr    .         Rampage  .   u - +0 pair of gloves
MR       .....                  c - +0 pair of boots
Stlth    +++.......             h - amulet of reflection
HPRegen  0.21/turn              x - ring of protection from cold
MPRegen  0.16/turn              (no ring)

@: very slightly contaminated
A: distributed training, fangs 1, strong nose
a: Channel Magic, Renounce Religion


You were on level 8 of the Dungeon.
You worshipped Sif Muna.
Sif Muna was pleased with you.
You visited 1 branch of the dungeon, and saw 8 of its levels.

You collected 345 gold pieces.
You spent 54 gold pieces at shops.

Inventory:

Hand Weapons
 m - a +0 halberd (weapon)
Missiles
 j - 5 poisoned darts (quivered)
Armour
 a - a +0 helmet (worn)
 c - a +0 pair of boots (worn)
 u - a +0 pair of gloves (worn)
 v - a +1 robe of cold resistance (worn)
 w - a +0 cloak (worn)
Jewellery
 h - an amulet of reflection (around neck)
 x - a ring of protection from cold (left hand)
Wands
 d - a wand of iceblast (6)
 q - a wand of polymorph (20)
Scrolls
 e - 8 scrolls of remove curse {unknown}
 g - 3 scrolls of amnesia {unknown}
 i - 2 scrolls of blinking
 o - a scroll of fog
 r - a scroll of fear
 s - 3 scrolls of enchant weapon
Potions
 b - a potion of degeneration {unknown}
 f - a potion of curing
 l - a potion of might
 n - 2 potions of haste
 p - 3 potions of heal wounds
 t - a potion of stabbing


   Skills:
 + Level 4.4 Fighting
 + Level 4.4 Short Blades
 + Level 4.4 Long Blades
 + Level 4.4 Axes
 + Level 4.4 Maces & Flails
 + Level 4.4 Polearms
 + Level 4.4 Staves
 + Level 4.4 Slings
 + Level 4.4 Bows
 + Level 4.4 Crossbows
 + Level 4.4 Throwing
 + Level 4.4 Armour
 + Level 6.4 Dodging
 + Level 6.1 Stealth
 + Level 4.4 Shields
 + Level 4.4 Unarmed Combat
 + Level 6.7 Spellcasting
 + Level 3.6 Conjurations
 + Level 3.6 Hexes
 + Level 3.6 Summonings
 + Level 3.6 Necromancy
 + Level 3.6 Translocations
 + Level 3.6 Transmutations
 + Level 3.6 Fire Magic
 + Level 8.0 Ice Magic
 + Level 3.6 Air Magic
 + Level 3.6 Earth Magic
 + Level 3.6 Poison Magic
 + Level 4.8 Invocations
 + Level 4.4 Evocations


You had 6 spell levels left.
You knew the following spells:

 Your Spells              Type           Power        Failure   Level
a - Freeze                Ice            ####         1%          1
b - Frozen Ramparts       Ice            #####.       1%          3
c - Ozocubu's Armour      Ice            #####...     1%          3
d - Hailstorm             Conj/Ice       ####....     9%          4
e - Summon Ice Beast      Ice/Summ       ####....     9%          4

Your spell library contained the following spells:

 Spells                   Type           Power        Failure   Level
 Ensorcelled Hibernation  Hex/Ice        ####..       1%          2
 Corona                   Hex            ###....      2%          1
 Sting                    Tmut/Pois      ###.         2%          1
 Poisonous Vapours        Pois/Air       ###...       3%          2
 Confusing Touch          Hex            ###.....     7%          3
 Dazzling Flash           Conj/Hex       ###...       7%          3
 Ignite Poison            Fire/Tmut/Pois ###.....     7%          3
 Mephitic Cloud           Conj/Pois/Air  ###.....     7%          3
 Tukima's Dance           Hex            ###.....     7%          3
 Olgreb's Toxic Radiance  Pois           ###.....     22%         4


Dungeon Overview and Level Annotations

Branches:
Dungeon (8/15)               Lair (0/6) D:8
 Temple: D:4-7

Altars:
Cheibriados
Dithmenos
Gozag
Kikubaaqudgha
Makhleb
Sif Muna
Trog
Wu Jian
The Shining One

Shops:
D:6 (   D:7 [

Annotations:
D:6 288 spear


Innate Abilities, Weirdness & Mutations

Your experience applies equally to all skills.
You have very sharp teeth.
Your uncanny sense of smell can sniff out nearby items.


Message History

The wall freezes the orc wizard.
The warg bites you.
* * * LOW HITPOINT WARNING * * *
The hound zombie completely resists.
The wall freezes the hound zombie but do no damage.
The wall freezes the orc warrior!
The wall freezes the orc.
You kill the orc!
Sif Muna accepts your kill.
The wall freezes the orc wizard!
You kill the orc wizard!
Sif Muna accepts your kill.
The ice beast completely resists.
The wall freezes the ice beast but do no damage.
The hound zombie resists.
The wall freezes the hound zombie.
The frozen ramparts melt away.
Casting: Summon Ice Beast (dangerous; 9% risk of failure)
Confirm with . or Enter, or press ? or * to list all spells.
A chill wind blows around you. The warg bites you!
* * * LOW HITPOINT WARNING * * *
The warg bites you!
You die...

######
###########################....#.
...............Y@ho.Y.Z[.)..####.
.######################..........
.# ########.......... .#
#...†.).)......... .###
########.)........ .....
#.........$ ..... #........#.
...... ...........# ....#.
###.......##


You could see a warg, an orc warrior, an ice beast, a hound zombie and a
friendly ice beast (summoned).

Vanquished Creatures
  A warg (D:8)
  2 orc warriors
  3 phantoms
  3 ogres
  2 centaurs
  2 nameless horrors
  A bullfrog (D:7)
  A scorpion (D:5)
  3 howler monkeys
  A quasit (D:6)
  3 hounds
  2 bullfrog skeletons
  2 jellies
  5 orc wizards
  2 orc priests (D:8)
  Jessica (D:2)
  An iguana (D:6)
  7 worker ants
  A hound zombie (D:7)
  3 hound skeletons
  8 gnolls
  5 adders
  A shadow imp (D:7)
  An ufetubus (D:6)
  An ooze (D:3)
  2 adder skeletons (D:4)
  2 worms (D:3)
  2 dart slugs (D:3)
  4 leopard geckos
  23 orcs
  3 ball pythons
  5 bats
  5 giant cockroaches
  9 goblins
  14 hobgoblins
  20 jackals
  3 quokkas
  6 frilled lizards
  4 kobolds
  10 rats
174 creatures vanquished.

Vanquished Creatures (collateral kills)
  An orc warrior (D:6)
  2 centaurs
  A bullfrog (D:6)
  A scorpion (D:8)
  A howler monkey (D:8)
  A jelly (D:8)
  A bullfrog skeleton (D:5)
  2 orc wizards
  2 worker ants (D:8)
  A killer bee zombie (D:7)
  A shadow imp (D:6)
  A leopard gecko (D:8)
  6 orcs
21 creatures vanquished.

Grand Total: 195 creatures vanquished

Notes
Turn   | Place    | Note
-------+----------+-------------------------------------------
     0 | D:1      | robertstho the Gnoll Ice Elementalist began the quest for
                  | the Orb.
     0 | D:1      | Reached XP level 1. HP: 13/13 MP: 6/6
   262 | D:1      | Reached XP level 2. HP: 19/19 MP: 7/7
   462 | D:1      | Reached XP level 3. HP: 7/25 MP: 3/9
   463 | D:1      | Reached skill level 5 in Spellcasting
   700 | D:1      | Learned a level 3 spell: Frozen Ramparts
   704 | D:1      | Learned a level 3 spell: Ozocubu's Armour
  1194 | D:2      | Reached skill level 1 in Invocations
  1328 | D:2      | Reached skill level 1 in Fighting
  1328 | D:2      | Reached skill level 1 in Short Blades
  1328 | D:2      | Reached skill level 1 in Long Blades
  1328 | D:2      | Reached skill level 1 in Axes
  1328 | D:2      | Reached skill level 1 in Maces & Flails
  1328 | D:2      | Reached skill level 1 in Polearms
  1328 | D:2      | Reached skill level 1 in Staves
  1328 | D:2      | Reached skill level 1 in Slings
  1328 | D:2      | Reached skill level 1 in Bows
  1328 | D:2      | Reached skill level 1 in Crossbows
  1328 | D:2      | Reached skill level 1 in Throwing
  1328 | D:2      | Reached skill level 1 in Armour
  1328 | D:2      | Reached skill level 1 in Shields
  1328 | D:2      | Reached skill level 1 in Unarmed Combat
  1328 | D:2      | Reached skill level 1 in Evocations
  1462 | D:2      | Reached XP level 4. HP: 32/32 MP: 7/11
  1611 | D:2      | Reached skill level 1 in Conjurations
  1611 | D:2      | Reached skill level 1 in Hexes
  1611 | D:2      | Reached skill level 1 in Summonings
  1611 | D:2      | Reached skill level 1 in Necromancy
  1611 | D:2      | Reached skill level 1 in Translocations
  1611 | D:2      | Reached skill level 1 in Transmutations
  1611 | D:2      | Reached skill level 1 in Fire Magic
  1611 | D:2      | Reached skill level 1 in Air Magic
  1611 | D:2      | Reached skill level 1 in Earth Magic
  1611 | D:2      | Reached skill level 1 in Poison Magic
  1818 | D:2      | Noticed Jessica
  1820 | D:2      | Killed Jessica
  1820 | D:2      | Reached XP level 5. HP: 37/37 MP: 8/12
  2691 | D:3      | Reached XP level 6. HP: 44/44 MP: 7/13
  3237 | D:3      | Found a shadowy altar of Dithmenos.
  3307 | D:3      | Found a snail-covered altar of Cheibriados.
  3472 | D:4      | Noticed a phantom
  3480 | D:3      | Learned a level 4 spell: Hailstorm
  3485 | D:3      | Learned a level 4 spell: Summon Ice Beast
  3526 | D:4      | Killed a phantom
  3526 | D:4      | Reached skill level 5 in Dodging
  3748 | D:4      | You fall into a shaft and drop 1 floor!
  3748 | D:5      | Entered Level 5 of the Dungeon
  3812 | D:5      | Reached XP level 7. HP: 33/50 MP: 10/15
  4106 | D:5      | Found a shimmering blue altar of Sif Muna.
  4484 | D:5      | Became a worshipper of Sif Muna the Loreminder
  4701 | D:5      | Reached skill level 5 in Stealth
  5050 | D:5      | Found a burning altar of Makhleb.
  5055 | D:5      | Found a glowing golden altar of the Shining One.
  5203 | D:6      | Reached XP level 8. HP: 37/57 MP: 12/16
  5673 | D:6      | Found Jalainim's Antique Weapon Boutique.
  5785 | D:6      | Found a bloodstained altar of Trog.
  5943 | D:6      | Reached * piety under Sif Muna
  6328 | D:7      | Found an opulent altar of Gozag.
  6633 | D:7      | Reached XP level 9. HP: 47/65 MP: 15/18
  6738 | D:7      | Found Sonkan's Armour Emporium.
  6741 | D:7      | Bought a +0 cloak for 54 gold pieces
  6890 | D:7      | Found an ancient bone altar of Kikubaaqudgha.
  7245 | D:8      | Reached ** piety under Sif Muna
  7254 | D:8      | Reached skill level 8 in Ice Magic
  7309 | D:7      | Found an ornate altar of the Wu Jian Council.
  7701 | D:8      | Found a staircase to the Lair.
  7721 | D:8      | Mangled by a warg

Illustrated notes

Levels and vault maps discovered:
D:1:      dpeg_arrival_three_same_balls, layout_loops_cross, serial_bayou_ford_a
D:2:      layout_basic, uniq_jessica
D:3:      layout_basic, cheibriados_altar_1,
          nicolae_dithmenos_through_a_glass_darkly, minmay_pentangle
D:4:      layout_basic, minmay_temple_entry_wispy, uniq_pikel
D:5:      layout_cave_pools, lemuel_blue_sif_altar,
          amethyst_overflow_temple_binary
D:6:      layout_loops_cross, lightli_temple_of_fire, serial_shops, shop
D:7:      layout_rooms, kennysheep_mini_moat, nicolae_overflow_hidden_temple,
          basic_altar, serial_shops, nicolae_shop_behind_doors,
          hangedman_decor_points
D:8:      layout_rooms, erik_lair_orcish_takeover, grunt_ministairs_5

Skill      XL: |  1  2  3  4  5  6  7  8  9 |
---------------+----------------------------+-----
Spellcasting   | 5 6 |  6.7
Invocations    | 1 2 3 4 |  4.8
Fighting       | 1 2 3 4 |  4.4
Short Blades   | 1 2 3 4 |  4.4
Long Blades    | 1 2 3 4 |  4.4
Axes           | 1 2 3 4 |  4.4
Maces & Flails | 1 2 3 4 |  4.4
Polearms       | 1 2 3 4 |  4.4
Staves         | 1 2 3 4 |  4.4
Slings         | 1 2 3 4 |  4.4
Bows           | 1 2 3 4 |  4.4
Crossbows      | 1 2 3 4 |  4.4
Throwing       | 1 2 3 4 |  4.4
Armour         | 1 2 3 4 |  4.4
Shields        | 1 2 3 4 |  4.4
Unarmed Combat | 1 2 3 4 |  4.4
Evocations     | 1 2 3 4 |  4.4
Conjurations   | 1 2 3 |  3.6
Hexes          | 1 2 3 |  3.6
Summonings     | 1 2 3 |  3.6
Necromancy     | 1 2 3 |  3.6
Translocations | 1 2 3 |  3.6
Transmutations | 1 2 3 |  3.6
Fire Magic     | 1 2 3 |  3.6
Air Magic      | 1 2 3 |  3.6
Earth Magic    | 1 2 3 |  3.6
Poison Magic   | 1 2 3 |  3.6
Dodging        | 5 6 |  6.4
Stealth        | 5 6 |  6.1
Ice Magic      | 8 |  8.0

Action                   |  1- 3 |  4- 6 |  7- 9 || total
-------------------------+-------+-------+-------++-------
Melee: Unarmed           |     5 |       |       ||     5
       Short sword       |     3 |       |       ||     3
       Bite              |     5 |     6 |    13 ||    24
       Spear             |    54 |    23 |       ||    77
       Halberd           |       |    34 |   166 ||   200
 Cast: Freeze            |    18 |     2 |       ||    20
       Frozen Ramparts   |     7 |    31 |    29 ||    67
       Summon Ice Beast  |       |       |    20 ||    20
       Hailstorm         |       |       |     1 ||     1
  Use: Scroll            |       |       |    12 ||    12
 Stab: Sleeping          |     6 |     3 |     3 ||    12
       Distracted        |       |       |     1 ||     1
Armor: Robe              |    20 |     7 |    41 ||    68
Dodge: Dodged            |    67 |    46 |   185 ||   298
Block: Other             |       |       |     7 ||     7
       Reflection        |       |       |     1 ||     1

Table legend: (Time is in decaauts)
 A = Elapsed time spent in this place.
 B = Non-inter-level travel time spent in this place.
 C = Inter-level travel time spent in this place.
 D = Time resting spent in this place.
 E = Time spent auto-exploring this place.
 F = Levels seen in this place.
 G = Mean time per level.
                   A        B        C        D        E       F      G
               +--------+--------+--------+--------+--------+-----+--------+
         Total |   7814 |   7593 |    221 |    695 |   5400 |   8 |  976.8 |
       Dungeon |   7814 |   7593 |    221 |    695 |   5400 |   8 |  976.8 |
               +--------+--------+--------+--------+--------+-----+--------+

Top non-repeatable levels by time:
     D:5: 1396 daAuts
     D:2: 1282 daAuts
     D:6: 1218 daAuts
     D:1: 1182 daAuts
     D:3: 1036 daAuts
     D:7: 1035 daAuts
     D:8: 389 daAuts
     D:4: 272 daAuts
